 Dungeon Crawl Stone Soup version 0.23.2-40-g277498a001 (webtiles) character file.

Game seed: 864377494502351420

3864 Kikorro the Protected (level 9, 0/118 HPs)
             Began as a Minotaur Fighter on Sept 6, 2019.
             Was a Believer of Okawaru.
             Slain by a killer bee (1 damage)
             ... on level 8 of the Dungeon on Sept 7, 2019.
             The game lasted 00:23:30 (7382 turns).

Kikorro the Protected (Minotaur Fighter)            Turns: 7382, Time: 00:23:31

Health: 0/118      AC: 24    Str: 25    XL:     9   Next: 99%
Magic:  8/8        EV:  2    Int:  7    God:    Okawaru [**....]
Gold:   457        SH: 12    Dex:  9    Spells: 8/8 levels left

rFire    + . .     SeeInvis .   e - +3 whip
rCold    . . .     Gourm    +   c - +1 shield
rNeg     + + +     Faith    .   (armour currently unavailable)
rPois    +         Spirit   .   (helmet currently unavailable)
rElec    .         Reflect  .   (cloak currently unavailable)
rCorr    .         Harm     .   (gloves currently unavailable)
MR       .....     NoTele   +   (boots currently unavailable)
Stlth    ++........             a - amulet of the gourmand
HPRegen  0.29/turn              l - ring of protection from fire
MPRegen  0.11/turn              r - ring of positive energy

@: lethally poisoned (0 -> -1), tree-form
A: (retaliatory headbutt), clever 1, screaming 1
a: Heroism, Renounce Religion


You were on level 8 of the Dungeon.
You worshipped Okawaru.
Okawaru was pleased with you.
You were full.
You were a tree.
You visited 2 branches of the dungeon, and saw 10 of its levels.

You collected 457 gold pieces.

Inventory:

Hand Weapons
 e - a +3 whip (weapon)
 u - the +6 war axe of Blood-Lust {chop, rElec rF- Int+8}
   (You found it on level 6 of the Dungeon)

   It inflicts extra damage upon your enemies.
   It affects your intelligence (+8).
   It makes you vulnerable to fire.
   It insulates you from electricity.
Armour
 b - a +0 scale mail (melded)
 c - a +1 shield (worn)
 w - a +0 pair of gloves (melded)
Jewellery
 a - an amulet of the gourmand (around neck)
 l - a ring of protection from fire (left branch)
 r - a ring of positive energy (right branch)
 E - an uncursed ring of positive energy
Wands
 k - a wand of random effects (43)
 o - a wand of acid (12)
 q - a wand of polymorph (6)
 t - a wand of disintegration (15)
 y - a wand of flame (15)
Scrolls
 i - a scroll of magic mapping {unknown}
 m - 3 scrolls of amnesia
 n - a scroll of teleportation
 x - 2 scrolls of remove curse
 A - 2 scrolls of blinking {unknown}
 B - a scroll of random uselessness {unknown}
 C - 4 scrolls of enchant weapon {unknown}
Potions
 d - a potion of might
 g - 2 potions of ambrosia
 h - 3 potions of flight
 j - 3 potions of haste
 p - 2 potions of cancellation
 s - 3 potions of lignification
 z - a potion of berserk rage {unknown}
 D - a potion of invisibility
Comestibles
 f - 18 rations


   Skills:
 + Level 7.0 Fighting
 + Level 8.8 Maces & Flails
 + Level 9.4 Armour
 + Level 5.7 Dodging
 + Level 1.5 Stealth
 + Level 8.9 Shields


You had 8 spell levels left.
You didn't know any spells.
Your spell library contained the following spells:

 Spells                   Type           Power        Failure   Level  Hunger
 Magic Dart               Conj           #...         71%         1    ##.....
 Shock                    Conj/Air       #...         71%         1    ##.....
 Searing Ray              Conj           #.....       83%         2    ###....
 Swiftness                Chrm/Air       #.......     83%         2    ###....
 Dazzling Spray           Conj/Hex       #.....       97%         3    ####...
 Static Discharge         Conj/Air       #.......     97%         3    ####...
 Airstrike                Air            #.........   100%        4    #####..
 Force Lance              Conj/Tloc      #.......     100%        4    #####..
 Fulminant Prism          Conj/Hex       #.........   100%        4    #####..
 Iskenderun's Mystic Bla  Conj           #.......     100%        4    #####..
 Lightning Bolt           Conj/Air       #.........   100%        5    ######.


Dungeon Overview and Level Annotations

Branches:
Dungeon (9/15)             Temple (1/1) D:6
   Lair: D:8-11         Orc: D:9-12

Altars:
Ashenzari
Dithmenos
Elyvilon
Fedhas
Gozag
Hepliaklqana
Kikubaaqudgha
Makhleb
Nemelex Xobeh
Okawaru
Qazlal
Ru
Sif Muna
Trog
Uskayaw
Vehumet
Wu Jian
Xom
Yredelemnul
Zin
The Shining One

Shops:
D:5 [


Innate Abilities, Weirdness & Mutations

((You reflexively headbutt those who attack you in melee.))
((You have a pair of horns on your head.))
((You have large cloven feet.))
Your mind is acute. (Int +2)
You occasionally shout uncontrollably at your foes.


Message History

You kill the killer bee!
Okawaru accepts your kill.
* * * LOW HITPOINT WARNING * * *
You feel sick. The killer bee barely misses you.
* * * LOW HITPOINT WARNING * * *
You feel sick.
The killer bee stings you but does no damage.
You block the killer bee's attack.
You see here a killer bee corpse.
Really quaff the potion of lignification?
You turn into a tree.
Your +0 pair of gloves melds into your body.
Your +0 scale mail melds into your body.
Your roots penetrate the ground.
You block the killer bee's attack.
The killer bee stings you but does no damage.
You hit the killer bee.
The killer bee is almost dead.
* * * LOW HITPOINT WARNING * * *
You feel sick. You block the killer bee's attack. The killer bee stings you.
You die...

##............# ###..### #
#.............# ##......## #
..............# ##........## #
..............# ##..........# #
#.............# ##...........#
# ..(...........#
##............# ..............#
#..<..........#
.#............####............#
###...........>y♣#............#
##.........###.............####
#..÷......# ####..........###.
##..#...### ###........##..
###..###### ####....##..#
##(...# ####....## #.....#
###..# ......# #..# ......#
###### ##.#


You could see a killer bee.

Vanquished Creatures
  The ghost of NeAGen181 the Fighter, a novice HOFi (D:6)
  Pikel (D:5)
  A hornet (D:8)
  A hippogriff (D:7)
  Menkaure (D:5)
  Duvessa (D:6)
  An ice beast (D:5)
  A phantom (D:4)
  A slave (D:5)
  5 ogres
  2 centaurs
  3 bullfrogs
  Dowan (D:6)
  A scorpion (D:6)
  8 killer bees
  A crimson imp (D:5)
  2 bullfrog zombies
  3 hounds
  2 centaur zombies
  A jelly (D:5)
  4 orc priests
  4 orc wizards
  A bullfrog skeleton (D:4)
  An iguana (D:5)
  5 worker ants
  4 gnolls (D:7)
  10 adders
  An ooze (D:1)
  An adder zombie (D:7)
  2 worms
  2 dart slugs
  2 leopard geckos (D:6)
  15 orcs
  7 giant cockroaches
  5 goblins
  8 hobgoblins
  4 jackals (D:3)
  A quokka (D:2)
  A ball python (D:6)
  6 bats
  3 frilled lizards
  9 kobolds
  2 quokka skeletons
  2 rats (D:1)
  A spectral orc (D:4)
139 creatures vanquished.

Vanquished Creatures (others)
  A hippogriff (D:9)
  An ogre (D:9)
  2 centaurs (D:9)
  A scorpion (D:9)
  A hound (D:9)
  An orc wizard (D:9)
  A worker ant zombie (D:9)
  An orc (D:9)
  A jackal skeleton (D:9)
10 creatures vanquished.

Grand Total: 149 creatures vanquished

Notes
Turn   | Place    | Note
-------+----------+-------------------------------------------
     0 | D:1      | Kikorro the Minotaur Fighter began the quest for the Orb.
     0 | D:1      | Reached XP level 1. HP: 19/19 MP: 0/0
    51 | D:1      | Reached XP level 2. HP: 23/27 MP: 1/1
   695 | D:2      | Reached XP level 3. HP: 33/33 MP: 2/2
   890 | D:2      | Reached skill level 4 in Armour
  1317 | D:2      | Reached XP level 4. HP: 31/41 MP: 3/3
  2123 | D:3      | Reached skill level 5 in Armour
  2172 | D:3      | Reached XP level 5. HP: 45/47 MP: 4/4
  2650 | D:3      | Noticed a centaur
  2658 | D:3      | Killed a centaur
  2658 | D:3      | Reached skill level 1 in Dodging
  2658 | D:3      | Reached skill level 5 in Shields
  3046 | D:4      | Noticed a +0 dagger
  3046 | D:4      | Noticed a +0 hand axe
  3050 | D:4      | Found a hide-covered altar of Uskayaw.
  3050 | D:4      | Noticed a phantom
  3073 | D:4      | Killed a phantom
  3073 | D:4      | Reached skill level 5 in Fighting
  3073 | D:4      | Reached XP level 6. HP: 53/56 MP: 5/5
  3285 | D:4      | Found a basalt altar of Yredelemnul.
  3451 | D:4      | Found a stormy altar of Qazlal.
  3553 | D:4      | Reached skill level 6 in Armour
  3553 | D:4      | Reached XP level 7. HP: 61/61 MP: 6/6
  3706 | D:5      | Entered Level 5 of the Dungeon
  3828 | D:5      | Reached skill level 1 in Stealth
  3841 | D:5      | Gained mutation: You have large cloven feet. [potion of
                  | mutation]
  3841 | D:5      | Gained mutation: You occasionally shout uncontrollably at
                  | your foes. [potion of mutation]
  3841 | D:5      | Gained mutation: Your mind is acute. (Int +2) [potion of
                  | mutation]
  3898 | D:5      | Found a blossoming altar of Fedhas.
  3989 | D:5      | Found Isusolen's Antique Armour Boutique.
  3998 | D:5      | Reached skill level 5 in Maces & Flails
  4164 | D:5      | Noticed Menkaure
  4170 | D:5      | Killed Menkaure
  4170 | D:5      | Reached skill level 7 in Armour
  4170 | D:5      | Reached XP level 8. HP: 37/69 MP: 7/7
  4407 | D:5      | Noticed Pikel
  4425 | D:5      | Killed Pikel
  4844 | D:6      | Got a twisted war axe
  4862 | D:6      | Found a staircase to the Ecumenical Temple.
  4985 | D:6      | Noticed Dowan
  4985 | D:6      | Noticed Duvessa
  4993 | D:6      | Killed Dowan
  5005 | D:6      | Killed Duvessa
  5005 | D:6      | Reached skill level 8 in Armour
  5012 | Temple   | Entered the Ecumenical Temple
  5204 | Temple   | Became a worshipper of Warmaster Okawaru
  5260 | D:6      | Reached XP level 9. HP: 70/75 MP: 8/8
  5419 | D:6      | Found a runed translucent door.
  5421 | D:6      | Noticed NeAGen181's ghost (novice HOFi)
  5443 | D:6      | Killed NeAGen181's ghost
  5443 | D:6      | Reached * piety under Okawaru
  5443 | D:6      | Reached skill level 5 in Dodging
  5845 | D:6      | Identified the +6 war axe of Blood-Lust {chop, rElec rF-
                  | Int+8} (You found it on level 6 of the Dungeon)
  5959 | D:7      | Found a burning altar of Makhleb.
  6214 | D:7      | Reached skill level 9 in Armour
  6402 | D:7      | Found a sacrificial altar of Ru.
  6746 | D:8      | Found a shimmering altar of Xom.
  6993 | D:8      | Found a shadowy altar of Dithmenos.
  7329 | D:9      | Reached ** piety under Okawaru
  7376 | D:8      | HP: 3/79 [killer bee (3)]
  7380 | D:8      | HP: 1/79 [poisoned by a killer bee]
  7382 | D:8      | Slain by a killer bee

Skill      XL: |  1  2  3  4  5  6  7  8  9 |
---------------+----------------------------+-----
Fighting       | 4 5 6 7 |  7.0
Shields        | 4 5 6 7 8 |  8.9
Armour         | 4 5 6 7 8 9 |  9.4
Maces & Flails | 3 4 5 7 8 |  8.8
Dodging        | 1 2 3 4 5 |  5.7
Stealth        | 1 |  1.5

Action                   |  1- 3 |  4- 6 |  7- 9 || total
-------------------------+-------+-------+-------++-------
Melee: Flail             |    11 |       |       ||    11
       Headbutt          |    14 |    24 |    66 ||   104
       Whip              |    89 |   136 |   307 ||   532
       Kick              |       |       |    88 ||    88
Invok: Heroism           |       |       |     1 ||     1
  Use: Scroll            |     2 |     3 |     7 ||    12
       Potion            |       |       |     7 ||     7
  Eat: Chunk             |     1 |    26 |     9 ||    36
Armor: Scale mail        |    25 |    42 |    83 ||   150
       Skin              |       |       |     1 ||     1
Dodge: Dodged            |    28 |    49 |    95 ||   172
Block: Shield            |    56 |    70 |   171 ||   297
